 Dungeon Crawl Stone Soup version 0.31-a0-801-gc67433417a (webtiles) character file.

Game seed: 13359296318009162466

70 Ivernyr the Shield-Bearer (level 4, 37/37 HPs)
             Began as a Formicid Fighter on Sept 20, 2023.
             Got out of the dungeon alive.
             The game lasted 00:02:02 (1397 turns).

Ivernyr the Shield-Bearer (Formicid Fighter)        Turns: 1397, Time: 00:02:03

Health: 37/37      AC:  7    Str: 22    XL:     4   Next: 45%
Magic:  4/4        EV:  9    Int:  8    God:
Gold:   71         SH:  5    Dex: 13    Spells: 3/3 levels left

rFire   . . .        a - +0 quarterstaff
rCold   . . .        c - +0 buckler
rNeg    . . .        b - +0 scale mail
rPois   .            (helmet unavailable)
rElec   .            (no cloak)
rCorr   .            (no gloves)
SInv    +            (no boots)
Will    .....        (no amulet) Stlth
                     (no ring)
HPRegen 0.26/turn    (no ring)
MPRegen 0.09/turn

%: no passive effects
@: no status effects
A: permanent stasis, dig shafts and tunnels, antennae 3, four strong arms
a: Dig, Shaft Self


You escaped.
You visited 1 branch of the dungeon, and saw 2 of its levels.

You collected 71 gold pieces.

Inventory:

Hand Weapons
 a - a +0 quarterstaff (weapon)
Armour
 b - a +0 scale mail (worn)
 c - a +0 buckler (worn)
Scrolls
 g - a scroll of amnesia {unknown}
Potions
 d - a potion of might
 e - a potion of berserk rage {unknown}
 f - a potion of degeneration {unknown}
 h - a potion of curing {unknown}


   Skills:
 + Level 3.8 Fighting
 * Level 3.2 Staves
 + Level 3.7 Armour
 + Level 4.6 Shields


You had 3 spell levels left.
You didn't know any spells.
Your spell library contained the following spells:

 Spells                   Type           Power      Damage    Failure   Level
 Iskenderun's Battlesphe  Conj           0%         2d6       100%        5
 Leda's Unmaking          Conj/Erth      0%         9d1       100%        6
 Spellforged Servitor     Conj/Summ      0%         N/A       100%        7


Dungeon Overview and Level Annotations

Branches:
Dungeon (2/15)

Altars:


Innate Abilities, Weirdness & Mutations

You cannot be hasted, slowed, berserked, paralysed or teleported.
You can dig through walls and to a lower floor.
You have a pair of large antennae on your head. (SInv)
Your four strong arms can wield two-handed weapons with a shield.


Message History

You have reached level 4!
You feel clever.
You sock the frilled lizard!
You kill the frilled lizard!
Found 7 gold pieces.
There is an escape hatch in the ceiling here.
A ball python comes into view.
The ball python hisses angrily.
A ball python is nearby!
You see here 7 gold pieces.
You now have 71 gold pieces (gained 7).
The ball python barely misses you. x2
You hit the ball python.
You kill the ball python!
You see here a ball python corpse.
Found a stone staircase leading up.
You pick up a book of Power and begin reading...
You add the spells Iskenderun's Battlesphere, Leda's Unmaking and Spellforged Servitor to your library.
You sense a monster nearby.
A kobold comes into view. It is wielding a +0 short sword.
The kobold shouts!
A kobold is nearby!
You barely miss the kobold. The kobold closely misses you.
The kobold hits you but does no damage.
You hit the kobold.
You kill the kobold!
Things that are here:
a +0 short sword; a kobold corpse
Things that are here:
a +0 short sword; a kobold corpse
There is a stone staircase leading up here.
Found an escape hatch in the floor.
You sense a monster nearby.
What level of the Dungeon? (default 2, ? - help)
There is a stone staircase leading up here.
You climb upwards.
There is a stone staircase leading down here.
There is an open gate here.
There is a staircase leading out of the dungeon here.
You have escaped!

....####.........####....########
.......+.......####..............
#...####.......#..###....########
#..## ##......#....####.#####
..## ##.....#......###..).# #..##
##...##........####.# ....###
##'###..##......###### #.#...#
#.# #..####.......'.## #.#.#.#
#.# #@.# ###.....'... #.#.#.##
##.###..####.......'.#. #.#....#
##...##..##......#####.. ..#.##.#
#.....#........### #.##
###.##.####...##......### ##~#≈
...........#.#.#....### #≈~#~
###.##.........#..### #~♣#.
..#.######.#.#.#### #≈.~~
#.#.######.#.##.# ##...≈


There were no monsters in sight!

Vanquished Creatures
  A hound (D:2)
  A dart slug (D:1)
  4 endoplasms (D:1)
  2 giant cockroaches (D:1)
  6 goblins (D:1)
  2 hobgoblins (D:1)
  4 jackals (D:1)
  4 kobolds
  4 quokkas (D:1)
  3 ball pythons
  3 frilled lizards
34 creatures vanquished.

Notes
Turn   | Place    | Note
-------+----------+-------------------------------------------
     0 | D:1      | Ivernyr the Formicid Fighter began the quest for the Orb.
     0 | D:1      | Reached XP level 1. HP: 18/18 MP: 1/1
   178 | D:1      | Reached XP level 2. HP: 20/24 MP: 2/2
   320 | D:1      | Reached XP level 3. HP: 29/29 MP: 3/3
  1210 | D:2      | Reached XP level 4. HP: 37/37 MP: 4/4
  1397 | D:$      | Got out of the dungeon alive.

Illustrated notes

Levels and vault maps discovered:
D:1:      lemuel_arrival_funnel, layout_loops_corners,
          chequers_serial_rivers_marsh, roderic_lattice_a,
          wander_ebering_terrifying_dragon_lair
D:2:      layout_loops_corners, amcnicky_mini_corridor_feature

Skill      XL: |  1  2  3 |
---------------+----------+-----
Staves         | 3 |  3.2
Fighting       | |  3.8
Armour         | |  3.7
Shields        | |  4.6

Action                     |  1- 3 |  4- 6 || total
---------------------------+-------+-------++-------
  Melee: Quarterstaff      |    91 |     4 ||    95
 Armour: Scale mail        |    45 |     1 ||    46
  Dodge: Dodged            |    46 |     3 ||    49
  Block: Buckler           |    20 |       ||    20

Table legend: (Time is in decaauts)
 A = Elapsed time spent in this place.
 B = Non-inter-level travel time spent in this place.
 C = Inter-level travel time spent in this place.
 D = Time resting spent in this place.
 E = Time spent auto-exploring this place.
 F = Levels seen in this place.
 G = Mean time per level.
                   A        B        C        D        E       F      G
               +--------+--------+--------+--------+--------+-----+--------+
         Total |   1419 |   1313 |    106 |      0 |   1057 |   2 |  709.5 |
       Dungeon |   1419 |   1313 |    106 |      0 |   1057 |   2 |  709.5 |
               +--------+--------+--------+--------+--------+-----+--------+

Top non-repeatable levels by time:
     D:1: 1259 daAuts
     D:2: 159 daAuts
